cohdb
Replays
Latest Replays
All Replays
Popular Replays
Top Player Replays
Match Explorer
How It Works
Community
CoH3 Stats
Reddit
Sign in to upload your games and track your stats! →
Sign in with Steam
Match 44439335
Unlisted
Match 44439335
Overview
Messages
Build Orders
End
Construct Weapon Support Center
Selects Airborne Battlegroup
Selects Heavy Machine Gun Paradrop
Heavy Machine Gun Paradrop
Bazooka Squad
Heavy Machine Gun Paradrop
Construct Medical Station
Selects Paratrooper Squad Paradrop
Paratrooper Squad Paradrop
Paratrooper Squad Paradrop
Paratrooper Squad Paradrop
Mechanized Support Center
Selects Anti-tank Gun Team Paradrop
Construct Motor Pool
Construct Tank Depot
Paratrooper Squad Paradrop
Selects Recon Loiter
Selects Supply Drop
M4A1 Sherman Medium Tank
AI Takeover
Santa's lap gremlin
Exf
Gravey
Jork Sparra
Sgt wiggumZ
正五边形战士-王德发[wtf]
.:PSG:. RedxWings
-Madbirmy-
0
0
Comments
sign in to comment!
No comments posted yet!